 Dungeon Crawl Stone Soup version 0.21.1-1-g345015f (webtiles) character file.

44 Ceann the Grave Robber (level 3, 0/24 HPs)
             Began as a Demonspawn Necromancer on July 24, 2018.
             Slain by a gnoll
             ... wielding a +0 flail
              (7 damage)
             ... on level 2 of the Dungeon.
             The game lasted 00:02:57 (1654 turns).

Ceann the Grave Robber (Demonspawn Necromancer)     Turns: 1654, Time: 00:02:58

Health: 0/24       AC:  2    Str:  8    XL:     3   Next: 41%
Magic:  3/6        EV: 12    Int: 17    God:
Gold:   86         SH:  0    Dex: 13    Spells: 2/6 levels left

rFire    . . .     SeeInvis .   l - +0 whip (drain)
rCold    . . .     Gourm    .   (no shield)
rNeg     . . .     Faith    .   a - +0 robe
rPois    .         Spirit   .   (no helmet)
rElec    .         Reflect  .   (no cloak)
rCorr    .         Harm     .   (no gloves)
MR       .....                  (no boots)
Stlth    ++........             (no amulet)
HPRegen  0.08/turn              (no ring)
MPRegen  0.10/turn              (no ring)

@: no status effects
A: powered by death 2
a: no special abilities


You were on level 2 of the Dungeon.
You were very hungry.

You visited 1 branch of the dungeon, and saw 2 of its levels.

You collected 86 gold pieces.

Inventory:

Hand Weapons
 l - a +0 whip of draining (weapon)
Armour
 a - a +0 robe (worn)
Scrolls
 d - 5 scrolls of identify {unknown}
 e - a scroll of random uselessness {unknown}
 f - 2 scrolls of immolation {unknown}
 i - a scroll of noise {unknown}
 n - a scroll of teleportation {unknown}
Potions
 h - a potion of flight {unknown}
 j - a potion of brilliance {unknown}
 k - 2 potions of agility {unknown}
 m - 2 potions of degeneration {unknown}
 o - a potion of heal wounds {unknown}
Books
 b - a book of Necromancy

   Spells                             Type                      Level
   a - Pain                           Necromancy                   1
   b - Animate Skeleton               Necromancy                   1
   c - Vampiric Draining              Necromancy                   3
   d - Regeneration                   Charms/Necromancy            3
   e - Animate Dead                   Necromancy                   4
   f - Borgnjor's Vile Clutch         Necromancy/Earth             5
Comestibles
 c - a ration


   Skills:
 + Level 2.0 Dodging
 + Level 2.0 Stealth
 + Level 2.3 Spellcasting
 + Level 5.2 Necromancy


You had 2 spell levels left.
You knew the following spells:

 Your Spells              Type           Power        Failure   Level  Hunger
a - Pain                  Necr           ###.         2%          1    #......
b - Vampiric Draining     Necr           ###.......   6%          3    ###....


Dungeon Overview and Level Annotations

Branches:
Dungeon (2/15)

Altars:
Ashenzari


Innate Abilities, Weirdness & Mutations

You regenerate health from kills.


Message History

You start resting.
HP restored.
You climb downwards.
The gnoll hits you with a spear. The gnoll completely misses you.
The gnoll hits you with a spear.
There is a stone staircase leading up, spattered with blood here.
Unknown command.
Casting: Pain
Confirm with . or Enter, or press ? or * to list all spells.
Aiming: Vampiric Draining
Press: ? - help, Shift-Dir - straight line, f - gnoll
Aim: a gnoll, wielding a spear The gnoll is moderately wounded.
You feel life coursing into your body.
You are feeling very hungry.
The gnoll hits you with a flail!
* * * LOW HITPOINT WARNING * * *
The gnoll closely misses you. The gnoll misses you.
The gnoll hits you with a flail!
You die...

## #######.
######## #.......
#......# #.......
#######......#
#.......
#.....@......#
###.g##.
#.#####g.....#
#.g.##. #..g...#
#.#....
#...g..####)#.#..
##.###......#.##.
#..###..####.##.
##....†.÷)##.#..
#..##'.#.......
###......#...#...


You could see 3 gnolls.

Vanquished Creatures
  2 oozes
  3 dart slugs (D:1)
  2 leopard geckos
  A ball python (D:2)
  3 bats
  A giant cockroach (D:1)
  3 goblins
  2 hobgoblins (D:1)
  3 frilled lizards (D:1)
  6 kobolds (D:2)
  A rat (D:1)
27 creatures vanquished.

Vanquished Creatures (others)
  A giant cockroach (D:2)
  A goblin (D:2)
2 creatures vanquished.

Grand Total: 29 creatures vanquished

Notes
Turn   | Place    | Note
-------+----------+-------------------------------------------
     0 | D:1      | Ceann the Demonspawn Necromancer began the quest for the Orb.
     0 | D:1      | Reached XP level 1. HP: 13/13 MP: 3/3
   488 | D:1      | Gained mutation: You regenerate a little health from kills. [demonic ancestry]
   488 | D:1      | Reached XP level 2. HP: 18/19 MP: 1/5
   828 | D:1      | Reached skill level 5 in Necromancy
  1245 | D:2      | Gained mutation: You regenerate health from kills. [demonic ancestry]
  1245 | D:2      | Reached XP level 3. HP: 19/24 MP: 0/6
  1247 | D:2      | Found a shattered altar of Ashenzari.
  1399 | D:2      | Learned a level 3 spell: Vampiric Draining
  1654 | D:2      | Slain by a gnoll

Skill      XL: |  1  2  3 |
---------------+----------+-----
Necromancy     | 5 |  5.2
Stealth        | 2 |  2.0
Dodging        | 2 |  2.0
Spellcasting   | |  2.3

Action                   || total
-------------------------++-------
 Cast: Pain              ||    62
       Vampiric Draining ||     1
  Eat: Chunk             ||     2
Armor: Robe              ||     1
Dodge: Dodged            ||    10
